 Dungeon Sprint DCSS version 0.21.1-1-g345015f (webtiles) character file.

172 raistware the Fighter (level 5, -1/73 HPs)
             Began as a Demonspawn Berserker on Mar 24, 2018.
             Was a Priest of Trog.
             Succumbed to a killer bee's poison
             ... in the Dungeon (Sprint IV: "Fedhas' Mad Dash").
             The game lasted 00:04:05 (255 turns).

raistware the Fighter (Demonspawn Berserker)         Turns: 255, Time: 00:04:06

Health: -1/73      AC:  2    Str: 23    XL:     5   Next: 27%
Magic:  5/5        EV: 12    Int:  9    God:    Trog [***...]
Gold:   66         SH:  0    Dex: 12    Spells: 4/4 levels left

rFire    . . .     SeeInvis .   a - +0 hand axe
rCold    . . .     Gourm    .   (no shield)
rNeg     . . .     Faith    .   b - +0 animal skin
rPois    .         Spirit   .   (no helmet)
rElec    .         Reflect  .   (no cloak)
rCorr    .         Harm     .   (no gloves)
MR       .....     NoTele   +   (no boots)
Stlth    ..........             h - amulet of invisibility {+Inv}
HPRegen  0.22/turn              (no ring)
MPRegen  0.09/turn              (no ring)

@: berserking, lethally poisoned (-1 -> -44), very quick
A: claws 1, nightstalker 1, powered by pain 1
a: Berserk, Trog's Hand, Burn Spellbooks, Renounce Religion, Evoke Invisibility


You were in the Dungeon.
You worshipped Trog.
Trog was most pleased with you.
You were not hungry.

You visited 1 branch You collected 66 gold pieces.

Inventory:

Hand Weapons
 a - a +0 hand axe (weapon)
Armour
 b - a +0 animal skin (worn)
Jewellery
 h - the amulet of invisibility (around neck) {+Inv}
   (You found it in the Dungeon)

   [amulet of nothing]

   It lets you turn invisible.
Scrolls
 i - a scroll of blinking
 k - a scroll of identify {unknown}
 l - a scroll of remove curse {unknown}
Potions
 d - a potion of curing
 e - a potion of heal wounds
 f - a potion of haste
 g - 2 potions of magic
Comestibles
 c - a ration


   Skills:
 + Level 8.0 Fighting
 + Level 7.7 Axes
 - Level 1.7 Armour
 - Level 1.7 Dodging


You had 4 spell levels left.
You didn't know any spells.

Dungeon Overview and Level Annotations

Branches:
Dungeon (1/1)

Altars:
Cheibriados
Gozag
Hepliaklqana
Makhleb
Nemelex Xobeh
Ru
Sif Muna
Trog
Wu Jian
Xom
Yredelemnul
Beogh
Jiyva

Annotations:
D exclusion: oklob sapling


Innate Abilities, Weirdness & Mutations

You have sharp fingernails.
You are slightly more attuned to the shadows.
You sometimes gain a little power by taking damage.


Message History

The killer bee closely misses you.
You closely miss the killer bee.
The killer bee is heavily wounded.
You miss the killer bee. You barely miss the killer bee.
* * * LOW HITPOINT WARNING * * *
You feel sick. The killer bee stings you.
* * * LOW HITPOINT WARNING * * *
You are more poisoned.
The killer bee poisons you! The killer bee stings you.
* * * LOW HITPOINT WARNING * * *
The killer bee closely misses you.
You slash the killer bee!
You kill the killer bee!
Trog accepts your kill.
Your Fighting skill increases to level 8!
You have reached level 5!
Your demonic ancestry asserts itself...
You slip into the darkness of the dungeon.
You completely miss the killer bee. You barely miss the killer bee.
You die...

#########################
#<..P#.....#.....#.⌠._._.
#PP..'.....'.#...'.._._._
#PPPP#.....#.#...#..._._P
###############'##.._._._
♣...†y...'...#._._._.
#%y....♣†@...#...########
#.y.y.♣.y♣..######
##+####+#####


You could see 2 killer bees.

Vanquished Creatures
  2 killer bees (D)
  2 oklob saplings (D)
  A worker ant (D)
  A river rat (D)
  A rat (D)
7 creatures vanquished.

Notes
Turn   | Place    | Note
-------+----------+-------------------------------------------
     0 | D        | raistware the Demonspawn Berserker began the quest for the Orb.
     0 | D        | Reached XP level 1. HP: 18/18 MP: 1/1
    10 | D        | Reached skill level 4 in Fighting
    10 | D        | Gained mutation: You sometimes gain a little power by taking damage. [demonic ancestry]
    10 | D        | Reached XP level 2. HP: 11/25 MP: 2/2
   173 | D        | Noticed an oklob sapling
   177 | D        | Killed an oklob sapling
   177 | D        | Reached ** piety under Trog
   177 | D        | Reached skill level 5 in Fighting
   177 | D        | Reached skill level 5 in Axes
   177 | D        | Gained mutation: You have sharp fingernails. [demonic ancestry]
   177 | D        | Reached XP level 3. HP: 33/33 MP: 3/3
   180 | D        | Found the amulet of invisibility {+Inv}
   210 | D        | Noticed an oklob sapling
   218 | D        | Found an opulent altar of Gozag.
   218 | D        | Found a hazy altar of Hepliaklqana.
   218 | D        | Found a roughly hewn altar of Beogh.
   218 | D        | Found a snail-covered altar of Cheibriados.
   219 | D        | Found a viscous altar of Jiyva.
   219 | D        | Found a burning altar of Makhleb.
   219 | D        | Found a sparkling altar of Nemelex Xobeh.
   219 | D        | Found a sacrificial altar of Ru.
   219 | D        | Found a deep blue altar of Sif Muna.
   219 | D        | Found a bloodstained altar of Trog.
   219 | D        | Found an ornate altar of the Wu Jian Council.
   219 | D        | Found a shimmering altar of Xom.
   219 | D        | Found a basalt altar of Yredelemnul.
   219 | D        | Noticed an oklob sapling priest
   228 | D        | Killed an oklob sapling
   228 | D        | Reached skill level 6 in Fighting
   228 | D        | Reached XP level 4. HP: 41/41 MP: 4/4
   245 | D        | Noticed a queen bee
   252 | D        | Reached skill level 7 in Fighting
   254 | D        | HP: 1/64 [killer bee (3)]
   255 | D        | Reached *** piety under Trog
   255 | D        | Reached skill level 8 in Fighting
   255 | D        | Gained mutation: You are slightly more attuned to the shadows. [demonic ancestry]
   255 | D        | Reached XP level 5. HP: 1/49 MP: 5/5
   255 | D        | Succumbed to a killer bee's poison

Skill      XL: |  1  2  3  4 |
---------------+-------------+-----
Fighting       | 4 5 6 8 |  8.0
Axes           | 3 5 6 7 |  7.7
Armour         | |  1.7
Dodging        | |  1.7

Action                   |  1- 3 |  4- 6 || total
-------------------------+-------+-------++-------
Melee: Hand axe          |    13 |     7 ||    20
Invok: Berserk           |       |     1 ||     1
  Use: Potion            |     1 |       ||     1
Armor: Animal skin       |       |     1 ||     1
Dodge: Dodged            |     4 |    14 ||    18
